[Event "*** Titled Tuesday Blitz"]
[Site "Chess.com"]
[Date "2020.05.26"]
[Round "2"]
[White "LyonBeast"]
[Black "kingmonkey2006"]
[Result "1-0"]
[WhiteElo "2957"]
[BlackElo "2582"]
[TimeControl "180+1"]
[EndTime "10:14:32 PDT"]
[Termination "LyonBeast won by resignation"]

1. c4 Nf6 2. Nf3 e6 3. g3 d5 4. Bg2 Be7 5. Qc2 O-O 6. O-O c6 7. b3 b6 8. Bb2 Bb7 9. d3 a5 10. Nbd2 Na6 11. a3 Rc8 12. e4 b5 13. Rad1 Qb6 14.
Rfe1 Rfd8 15. e5 Nd7 16. h4 Ndc5 17. d4 Ne4 18. Nxe4 dxe4 19. c5 Qa7 20. Ng5 Bxg5 21. hxg5 Ba8 22. Bxe4 g6 23. Kg2 Qe7 24. Qc1 Nc7 25. Rh1 h5 26. g4 hxg4 27. Qf4 Nd5 28. Bxd5 exd5 29. Rh6 Qe6 30. Qf6 1-0

[Event "*** Titled Tuesday Blitz"]
[Site "Chess.com"]
[Date "2020.05.26"]
[Round "2"]
[White "Gloomy_Wanderer"]
[Black "Schachmalanders"]
[Result "1-0"]
[WhiteElo "2756"]
[BlackElo "2310"]
[TimeControl "180+1"]
[EndTime "10:14:33 PDT"]
[Termination "Gloomy_Wanderer won by resignation"]

1. d4 d5 2. c4 e6 3. Nf3 c6 4.
Qc2 f5 5. Bf4 Nf6 6. e3 Bd6 7.
Nc3 O-O 8. Bd3 Ne4 9. O-O Qe7 10. c5 Bc7 11. b4 g5 12. Bxc7 Qxc7 13. Bxe4 fxe4 14.
Nxg5 e5 15. dxe5 Qxe5 16. f4 Qg7 17. Kh1 Kh8 18. Ne2 Bg4 19. Nd4 Qg6 20. Qf2 Nd7 21.
Qh4 Bf5 22. g4 Bxg4 23. Qxg4 h6 24. Qxd7 hxg5 25. Rg1 1-0

[Event "*** Titled Tuesday Blitz"]
[Site "Chess.com"]
[Date "2020.05.26"]
[Round "2"]
[White "PlayChessSimple"]
[Black "rogapa"]
[Result "1-0"]
[WhiteElo "2497"]
[BlackElo "2711"]
[TimeControl "180+1"]
[EndTime "10:14:35 PDT"]
[Termination "PlayChessSimple won by checkmate"]

1. e4 c5 2. Nf3 d6 3. c3 Nf6 4. h3 g6 5. Bd3 Bg7 6. Bc2 O-O 7. d4 cxd4 8. cxd4 Nc6 9. O-O Nb4 10. Bb3 Nxe4 11. Qe1 Nxf2 12. Qxb4 Nd3 13. Qd2 Nxc1 14. Rxc1 Qb6 15. Nc3 e6 16. Kh1 Bd7 17. Ne4 Bc6 18. Qf4 e5 19. dxe5 dxe5 20. Nxe5 Bxe4 21.
Bxf7+ Kh8 22. Qxe4 Qb5 23. Bd5 Rae8 24. Nxg6+ hxg6 25.
Qh4+ Bh6 26. Qxh6# 1-0

[Event "*** Titled Tuesday Blitz"]
[Site "Chess.com"]
[Date "2020.05.26"]
[Round "2"]
[White "Tejas_Rama"]
[Black "Chessy222222"]
[Result "1-0"]
[WhiteElo "2396"]
[BlackElo "2106"]
[TimeControl "180+1"]
[EndTime "10:14:40 PDT"]
[Termination "Tejas_Rama won by resignation"]

1. Nf3 Nf6 2. c4 g6 3. Nc3 Bg7 4. e4 d6 5. d4 O-O 6. Be2 e5 7. O-O Na6 8. d5 Nc5 9. Qc2 a5 10. b3 Bd7 11. Bb2 Ne8 12. Nd2 f5 13. a3 Nf6 14. b4 Ncxe4 15. Ncxe4 Nxe4 16. Nxe4 fxe4 17. Qxe4 Bf5 18. Qe3 axb4 19. axb4 Qh4 20. g3 Qh3 21.
Bf3 Bh6 22. Qe2 Bd7 23. Bg2 Qf5 24. Be4 Qh3 25. c5 Bg4 26. Qd3 Rf5 27. Rxa8+ 1-0

[Event "*** Titled Tuesday Blitz"]
[Site "Chess.com"]
[Date "2020.05.26"]
[Round "2"]
[White "marcodobrikov"]
[Black "Vesper2018"]
[Result "0-1"]
[WhiteElo "2483"]
[BlackElo "2291"]
[TimeControl "180+1"]
[EndTime "10:14:43 PDT"]
[Termination "Vesper2018 won by checkmate"]

1. e4 c5 2. Nf3 d6 3. d4 cxd4 4. Nxd4 Nf6 5. Nc3 a6 6. h3 e5 7. Nde2 h5 8. Bg5 Be6 9. Qd2 Nbd7 10. O-O-O Be7 11. Kb1 b5 12. Bxf6 Nxf6 13. a3 Rc8 14. f3 Qb6 15. Nc1 h4 16. f4 O-O 17.
f5 Bc4 18. Bxc4 bxc4 19. Nd5 Nxd5 20. Qxd5 Rb8 21. b3 Rfc8 22. Kb2 Bg5 23. Ne2 cxb3 24.
cxb3 Rc5 25. Qd3 Rb5 26. b4 Rxb4+ 27. axb4 Qxb4+ 28. Ka2 Qb2# 0-1

[Event "*** Titled Tuesday Blitz"]
[Site "Chess.com"]
[Date "2020.05.26"]
[Round "2"]
[White "fish7728"]
[Black "Aleksandar-Topalov"]
[Result "0-1"]
[WhiteElo "2025"]
[BlackElo "2365"]
[TimeControl "180+1"]
[EndTime "10:14:43 PDT"]
[Termination "Aleksandar-Topalov won by resignation"]

1. d4 Nf6 2. c4 c5 3. d5 d6 4. Nc3 g6 5. Nf3 Bg7 6. h3 O-O 7. e4 e5 8. Bd3 Nh5 9. g4 Nf4 10. Ne2 g5 11. Nxf4 exf4 12. Qc2 Nd7 13. e5 Nxe5 14.
Nxe5 Bxe5 15. Bxh7+ Kg7 16. Bd2 Rh8 17. Bd3 Bxg4 18.
Bc3 Bxc3+ 19. Qxc3+ Qf6 20. Rg1 Qxc3+ 21. bxc3 Bxh3 22.
Rxg5+ Kf6 23. Rg1 Bd7 24. Rg2 Rh1+ 0-1

[Event "*** Titled Tuesday Blitz"]
[Site "Chess.com"]
[Date "2020.05.26"]
[Round "2"]
[White "Mostii"]
[Black "Luibov_AN"]
[Result "1-0"]
[WhiteElo "2368"]
[BlackElo "2035"]
[TimeControl "180+1"]
[EndTime "10:14:44 PDT"]
[Termination "Mostii won by resignation"]

1. d4 g6 2. Nf3 Bg7 3. g3 c5 4. Bg2 Nc6 5. e3 cxd4 6. Nxd4 Qb6 7. Nxc6 dxc6 8. O-O Bxb2 9. Bxb2 Qxb2 10. Nd2 Nf6 11. a4 O-O 12. Nc4 Qc3 13. Qd3 Qb4 14. Rfb1 Qc5 15. Qd4 Qh5 16. Qe5 Be6 17. Qxh5 Nxh5 18. Na5 b6 19. Nxc6 Rae8 20. Nxa7 Bf5 21. e4 Be6 22.
Rxb6 Ra8 23. Nc6 Rfe8 24. e5 Rac8 25. a5 Ng7 26. a6 Nf5 27. a7 Kf8 28. Nb8 1-0

[Event "*** Titled Tuesday Blitz"]
[Site "Chess.com"]
[Date "2020.05.26"]
[Round "2"]
[White "Firegrizzly"]
[Black "GiorgianBarbosa"]
[Result "0-1"]
[WhiteElo "2544"]
[BlackElo "2303"]
[TimeControl "180+1"]
[EndTime "10:14:45 PDT"]
[Termination "GiorgianBarbosa won by resignation"]

1. e4 c5 2. Nf3 g6 3. d4 cxd4 4. Qxd4 Nf6 5. Bb5 Nc6 6. Qa4 Bg7 7. Nc3 O-O 8. e5 Ne8 9. Bf4 d5 10. Bxc6 bxc6 11. Qxc6 Rb8 12. Qxd5 Qb6 13. O-O Nc7 14. Qb3 Bf5 15. Qxb6 Rxb6 16. Na4 Rb4 17. b3 Rxf4 18. Rfe1 Ne6 19. c4 Nd4 20. Nxd4 Rxd4 21. g3 Rfd8 22. f4 e6 23. c5 Bf8 24. Rac1 Rd2 25. Rf1 Bh3 26.
Rf2 Rd1+ 0-1

[Event "*** Titled Tuesday Blitz"]
[Site "Chess.com"]
[Date "2020.05.26"]
[Round "2"]
[White "GHANDEEVAM2003"]
[Black "DortmundCity"]
[Result "1-0"]
[WhiteElo "2928"]
[BlackElo "2577"]
[TimeControl "180+1"]
[EndTime "10:14:48 PDT"]
[Termination "GHANDEEVAM2003 won by resignation"]

1. b3 d5 2. Bb2 c6 3. c4 e6 4.
Nf3 Nf6 5. g3 Nbd7 6. Bg2 Bd6 7.
O-O O-O 8. d4 b6 9. Nc3 Bb7 10.
Nd2 Rc8 11. e4 dxe4 12. Ndxe4 Nxe4 13. Nxe4 Be7 14. Qe2 Qc7 15. Rfd1 Nf6 16. Rac1 Nxe4 17. Bxe4 Bf6 18. Qf3 Rfd8 19. Rc2 Rb8 20. c5 b5 21. Kg2 Rd7 22. h4 Rbd8 23. Rcd2 b4 24. h5 h6 25.
Bc2 a5 26. Qe4 Ba6 27. Qh7+ Kf8 28. Re1 Rd5 29. Bd1 Rxc5 30. dxc5 Rxd2 31. Bxf6 gxf6 32. Qxh6+ 1-0

[Event "*** Titled Tuesday Blitz"]
[Site "Chess.com"]
[Date "2020.05.26"]
[Round "2"]
[White "miroslavsavic"]
[Black "Belka1989"]
[Result "0-1"]
[WhiteElo "2045"]
[BlackElo "2374"]
[TimeControl "180+1"]
[EndTime "10:14:53 PDT"]
[Termination "Belka1989 won by resignation"]

1. Nf3 Nf6 2. d4 d5 3. c4 e6 4. cxd5 exd5 5. Nc3 c6 6. Bf4 Bf5 7. Qb3 Qb6 8. e3 Nbd7 9. Be2 Be7 10. O-O O-O 11. h3 h6 12. Ne5 Rfd8 13. Rac1 Nxe5 14.
Bxe5 Nd7 15. Bh2 Bf6 16. g4 Bh7 17. Na4 Qxb3 18. axb3 Re8 19. Rfe1 Be7 20. f4 Bb4 21. Nc3 Rxe3 22. Kg2 Rae8 23. Bg1 Bxc3 24. Bxe3 Bxe1 25. Kf3 Bb4 0-1

[Event "*** Titled Tuesday Blitz"]
[Site "Chess.com"]
[Date "2020.05.26"]
[Round "2"]
[White "lilleper1"]
[Black "Grebeniuk-S"]
[Result "0-1"]
[WhiteElo "2714"]
[BlackElo "2501"]
[TimeControl "180+1"]
[EndTime "10:14:59 PDT"]
[Termination "Grebeniuk-S won by resignation"]

1. d4 f5 2. Nf3 Nf6 3. g3 g6 4.
Bg2 Bg7 5. O-O O-O 6. c4 d6 7. Nc3 Qe8 8. d5 a5 9. Nd4 Na6 10. Rb1 Bd7 11. b3 Nc5 12. a3 c6 13. Bb2 Rc8 14. f3 g5 15. b4 axb4 16. axb4 Na6 17.
Qb3 c5 18. bxc5 Nxc5 19. Qc2 Qg6 20. Kh1 f4 21. Qd2 fxg3 22. hxg3 Nh5 23. g4 Ng3+ 24. Kg1 Nxf1 25. Rxf1 Be5 26. e3 Qd3 27. Qf2 Qxc4 28.
Nce2 Nd3 0-1

[Event "*** Titled Tuesday Blitz"]
[Site "Chess.com"]
[Date "2020.05.26"]
[Round "2"]
[White "Giraffe_Chess"]
[Black "cukin84"]
[Result "1-0"]
[WhiteElo "2417"]
[BlackElo "2174"]
[TimeControl "180+1"]
[EndTime "10:14:59 PDT"]
[Termination "Giraffe_Chess won by resignation"]

1. d4 f5 2. Nc3 Nf6 3. Bg5 g6 4. h4 Bg7 5. Qd2 h5 6. Nh3 d6 7. Nf4 Kf7 8. e3 c6 9. Bc4+ d5 10.
Bb3 Qd6 11. f3 Nbd7 12. e4 fxe4 13. fxe4 Nh7 14. e5 Qb4 15. a3 Qa5 16. e6+ Kg8 17.
exd7 Bxd7 18. Nxg6 Nxg5 19. Qxg5 Bg4 20. Nxe7+ Kf7 21. O-O+ Ke8 22. Qxg7 1-0

[Event "*** Titled Tuesday Blitz"]
[Site "Chess.com"]
[Date "2020.05.26"]
[Round "2"]
[White "WastefulJustice"]
[Black "FMOlexandrProhorov"]
[Result "1-0"]
[WhiteElo "2386"]
[BlackElo "2076"]
[TimeControl "180+1"]
[EndTime "10:15:00 PDT"]
[Termination "WastefulJustice won by checkmate"]

1. e4 c5 2. Nf3 e6 3. d4 cxd4 4. Nxd4 Qb6 5. Nc3 Bc5 6. Be3 Nf6 7. e5 Nd5 8. Nxd5 exd5 9. Nb5 Bxe3 10. fxe3 O-O 11. Qd4 Qd8 12. Bd3 Nc6 13. Qxd5 Qe7 14. Nd4 Nxe5 15. Nf5 Qb4+ 16. c3 Nxd3+ 17. Qxd3 Qxb2 18.
O-O d5 19. Ne7+ Kh8 20. Rab1 Qxa2 21. Rb4 Be6 22. Qxh7+ Kxh7 23. Rh4# 1-0

[Event "*** Titled Tuesday Blitz"]
[Site "Chess.com"]
[Date "2020.05.26"]
[Round "2"]
[White "Chessacademia"]
[Black "Snegokhod"]
[Result "0-1"]
[WhiteElo "2252"]
[BlackElo "2460"]
[TimeControl "180+1"]
[EndTime "10:15:02 PDT"]
[Termination "Snegokhod won by resignation"]

1. g3 g6 2. Bg2 Bg7 3. Nf3 d5 4. O-O Nf6 5. d4 O-O 6. c4 c6 7.
Nc3 dxc4 8. a4 a5 9. e4 h6 10.
Ne5 Be6 11. d5 cxd5 12. exd5 Nxd5 13. Bxd5 Bxd5 14. Qxd5 Qxd5 15. Nxd5 Bxe5 16. Nxe7+ Kg7 17. Nd5 Nc6 18. Nb6 c3 19. bxc3 Bxc3 20. Ra3 Bb4 21. Bb2+ Kg8 22. Nxa8 Bxa3 23. Bxa3 Rxa8 24. Rb1 Nb4 25.
Bxb4 axb4 26. Rxb4 Ra7 27. h4 Kf8 28. Rb6 Ke7 29.
h5 gxh5 30. Rxh6 Rxa4 31. Rb6 Ra7 32. Rb5 Kd6 33. Rxh5 Kc6 34. Rf5 b5 35. Rf6+ Kc5 36. Rf5+ Kc4 37. Rf4+ Kc3 38. Re4 b4 39. f4 b3 40. Kg2 b2 41. Re1 Ra1 0-1

[Event "*** Titled Tuesday Blitz"]
[Site "Chess.com"]
[Date "2020.05.26"]
[Round "2"]
[White "oneshot007"]
[Black "Nayemhaque22"]
[Result "1-0"]
[WhiteElo "2434"]
[BlackElo "2205"]
[TimeControl "180+1"]
[EndTime "10:15:09 PDT"]
[Termination "oneshot007 won by resignation"]

1. e4 c5 2. Nf3 Nc6 3. d4 cxd4 4. Nxd4 Nf6 5. Nc3 e5 6. Ndb5 d6 7. Bg5 a6 8. Na3 b5 9. Bxf6 gxf6 10. Nd5 Rb8 11.
Bd3 f5 12. exf5 Qg5 13. g4 Nd4 14. c3 Nxf5 15. Bxf5 Bxf5 16. gxf5 Qg2 17. Rf1 Bh6 18. Nf6+ Ke7 19. Qd5 Qg5 20. Ne4 Qxf5 21. Qxd6+ 1-0

[Event "*** Titled Tuesday Blitz"]
[Site "Chess.com"]
[Date "2020.05.26"]
[Round "2"]
[White "mjray79"]
[Black "Rikikits"]
[Result "0-1"]
[WhiteElo "2300"]
[BlackElo "2631"]
[TimeControl "180+1"]
[EndTime "10:15:10 PDT"]
[Termination "Rikikits won by resignation"]

1. d4 Nc6 2. c4 e5 3. d5 Nce7 4. Nc3 Ng6 5. e4 Bb4 6. Ne2 Nf6 7. Qc2 O-O 8. g3 d6 9. Bg2 a5 10. O-O Bc5 11. Kh1 Ng4 12. Ng1 f5 13. f3 Ne3 14.
Bxe3 Bxe3 15. Nge2 f4 16. g4 Nh4 17. Na4 h5 18.
gxh5 Qg5 19. Rg1 Qxh5 20. Raf1 Rf6 21. c5 Rh6 22. cxd6 Nxf3 23. h3 Bxh3 24. Bxf3 Bg2+ 0-1

[Event "*** Titled Tuesday Blitz"]
[Site "Chess.com"]
[Date "2020.05.26"]
[Round "2"]
[White "Morshynska"]
[Black "chegueps"]
[Result "0-1"]
[WhiteElo "2171"]
[BlackElo "2417"]
[TimeControl "180+1"]
[EndTime "10:15:11 PDT"]
[Termination "chegueps won on time"]

1. e4 c5 2. Nf3 e6 3. d4 cxd4 4.
Nxd4 Nf6 5. Nc3 Nc6 6. Nxc6 bxc6 7. e5 Nd5 8. Ne4 Qc7 9. f4 Qb6 10. c4 Bb4+ 11. Ke2 f5 12. exf6 Nxf6 13. Be3 Qd8 14.
Nxf6+ Qxf6 15. Qd4 Be7 0-1

[Event "*** Titled Tuesday Blitz"]
[Site "Chess.com"]
[Date "2020.05.26"]
[Round "2"]
[White "MilanJeremic"]
[Black "Kostya26"]
[Result "0-1"]
[WhiteElo "2238"]
[BlackElo "2453"]
[TimeControl "180+1"]
[EndTime "10:15:16 PDT"]
[Termination "Kostya26 won by checkmate"]

1. d4 d5 2. Nf3 Nf6 3. Bf4 Bf5 4. e3 e6 5. Bd3 Bg6 6. O-O Nbd7 7. Nc3 Bd6 8. Bg5 O-O 9. Ne2 c6 10. Bxg6 hxg6 11. c3 e5 12. dxe5 Nxe5 13. Nxe5 Bxe5 14. Bxf6 Qxf6 15. Qb3 Rab8 16. Rad1 Rfe8 17. g3 Kh7 18.
Qa4 a6 19. Kg2 Rh8 20. Nd4 Kg8 21. Nf3 Qf5 22. Nh4 Qe6 23. Qc2 g5 24. Nf3 Qh3+ 25.
Kg1 g4 26. Nh4 Rxh4 27. Qf5 Qxh2# 0-1

[Event "*** Titled Tuesday Blitz"]
[Site "Chess.com"]
[Date "2020.05.26"]
[Round "2"]
[White "BocharovD"]
[Black "M1711"]
[Result "1-0"]
[WhiteElo "2823"]
[BlackElo "2524"]
[TimeControl "180+1"]
[EndTime "10:15:20 PDT"]
[Termination "BocharovD won on time"]

1. c4 e5 2. g3 c6 3. d4 e4 4. Bg2 d5 5. Nc3 Nf6 6. a3 Be6 7. Nh3 Nbd7 8. Nf4 Bd6 9. O-O O-O 10.
cxd5 cxd5 11. f3 exf3 12. Bxf3 Nb6 13. Qd3 Qd7 14. Nxe6 Qxe6 15. Bg5 Be7 16. Rae1 h6 17. Bxf6 Bxf6 18. e4 Rfe8 19. e5 Bd8 20. Qb5 Bg5 21. Nxd5 Rac8 22. Rf2 1-0

[Event "*** Titled Tuesday Blitz"]
[Site "Chess.com"]
[Date "2020.05.26"]
[Round "2"]
[White "tsvet2005"]
[Black "Efremov_Vlad"]
[Result "1-0"]
[WhiteElo "2519"]
[BlackElo "2158"]
[TimeControl "180+1"]
[EndTime "10:15:23 PDT"]
[Termination "tsvet2005 won by resignation"]

1. d4 d5 2. c4 e6 3. Nc3 Bb4 4. e3 Nf6 5. a3 Bxc3+ 6. bxc3 O-O 7. cxd5 exd5 8. f3 c5 9. Bd3 Nc6 10. Ne2 Re8 11. O-O c4 12. Bc2 h5 13. Ng3 a6 14.
Nh1 b5 15. Nf2 a5 16. e4 dxe4 17. fxe4 Ng4 18. h3 Nxf2 19. Rxf2 Bd7 20. Qxh5 Rf8 21.
e5 g6 22. Qh6 b4 23. Bg5 Qe8 24. Bf6 1-0

[Event "*** Titled Tuesday Blitz"]
[Site "Chess.com"]
[Date "2020.05.26"]
[Round "2"]
[White "Witik"]
[Black "MrChampion_Coach"]
[Result "1-0"]
[WhiteElo "2658"]
[BlackElo "2339"]
[TimeControl "180+1"]
[EndTime "10:15:24 PDT"]
[Termination "Witik won by resignation"]

1. d4 Nf6 2. c4 g6 3. Nc3 Bg7 4. e4 d6 5. f4 c5 6. dxc5 Qa5 7. Bd3 Qxc5 8. Nf3 O-O 9. Qe2 Nc6 10. Be3 Qa5 11. O-O Ng4 12. Bd2 Qb6+ 13. Kh1 Nd4 14. Nxd4 Bxd4 15. Nd5 Qd8 16. Bc3 Bxc3 17. Nxc3 a6 18.
Rad1 Re8 19. e5 Qa5 20. Nd5 Be6 21. b4 Qa3 22. Nc7 dxe5 23. Nxe6 Nxh2 24. Kxh2 fxe6 25.
Qxe5 Qxb4 26. Qxe6+ Kh8 27. f5 gxf5 28. Qe5+ Kg8 29.
Bxf5 1-0

[Event "*** Titled Tuesday Blitz"]
[Site "Chess.com"]
[Date "2020.05.26"]
[Round "2"]
[White "RestartingChess"]
[Black "HarutyunianTigranK"]
[Result "0-1"]
[WhiteElo "2476"]
[BlackElo "2712"]
[TimeControl "180+1"]
[EndTime "10:15:26 PDT"]
[Termination "HarutyunianTigranK won by checkmate"]

1. e4 e5 2. Nf3 Nc6 3. Bc4 Bc5 4. c3 Nf6 5. O-O O-O 6. d4 Bb6 7. Bg5 h6 8. Bh4 d6 9. dxe5 dxe5 10. Qxd8 Rxd8 11. Bxf6 gxf6 12. Na3 Bg4 13. h3 Bxf3 14. gxf3 Ne7 15. Rad1 Ng6 16. Nc2 Nf4 17. Kh2 Rxd1 18. Rxd1 Bxf2 19. Rd7 Ne6 20. Bxe6 fxe6 21. Rxc7 Rd8 22.
Rxb7 Rd2 23. Na3 Bb6+ 24. Kg3 Be3 25. Nc4 Bf4+ 26. Kh4 Rg2 27. Rb8+ Kh7 28. Nd6 Rg5 29. Rh8+ Kg7 30. Rxh6 Bg3# 0-1

[Event "*** Titled Tuesday Blitz"]
[Site "Chess.com"]
[Date "2020.05.26"]
[Round "2"]
[White "PetrolulSah"]
[Black "XiaoKangZhong"]
[Result "0-1"]
[WhiteElo "2189"]
[BlackElo "2424"]
[TimeControl "180+1"]
[EndTime "10:15:26 PDT"]
[Termination "XiaoKangZhong won by resignation"]

1. d4 Nf6 2. c4 g6 3. Nc3 d5 4. cxd5 Nxd5 5. e4 Nxc3 6. bxc3 Bg7 7. Bc4 c5 8. Ne2 O-O 9. O-O Nc6 10. Be3 cxd4 11. cxd4 Bg4 12. f3 Bd7 13. Rb1 Na5 14.
Bd5 Rb8 15. Qd2 e6 16. Bb3 Nxb3 17. Rxb3 Ba4 18. Rb4 Bc6 19. Rd1 a5 20. Rbb1 Ba4 21.
Rdc1 b5 22. Nc3 Qd7 23. Nxa4 bxa4 24. Rxb8 Rxb8 25. Rd1 Qb5 26. d5 exd5 27. Qxd5 h6 28. Qxb5 Rxb5 29. Rd5 Rb1+ 30. Kf2 Rb2+ 31. Rd2 a3 32.
Ke2 Bc3 0-1

[Event "*** Titled Tuesday Blitz"]
[Site "Chess.com"]
[Date "2020.05.26"]
[Round "2"]
[White "BabyFacedAssasin"]
[Black "zubridis"]
[Result "0-1"]
[WhiteElo "2233"]
[BlackElo "2451"]
[TimeControl "180+1"]
[EndTime "10:15:27 PDT"]
[Termination "zubridis won by resignation"]

1. e4 c5 2. Nf3 Nc6 3. Bb5 Qb6 4. Nc3 e6 5. Bxc6 Qxc6 6. d4 cxd4 7. Nxd4 Qc7 8. O-O a6 9. Re1 d6 10. a4 Nf6 11. a5 Bd7 12. Be3 Be7 13. f3 O-O 14.
Qd2 Rac8 15. Na4 Bxa4 16. Rxa4 d5 17. exd5 Nxd5 18. Bf2 Rfd8 19. c3 Bd6 20. g3 Bc5 21. Raa1 e5 22. Nf5 Nf4 0-1

[Event "*** Titled Tuesday Blitz"]
[Site "Chess.com"]
[Date "2020.05.26"]
[Round "2"]
[White "kintoho"]
[Black "H3nriqueTV"]
[Result "1-0"]
[WhiteElo "2429"]
[BlackElo "2200"]
[TimeControl "180+1"]
[EndTime "10:15:30 PDT"]
[Termination "kintoho won by resignation"]

1. e4 c5 2. c3 d6 3. d4 cxd4 4.
cxd4 Nf6 5. Nc3 e6 6. Nf3 d5 7. e5 Ne4 8. Bd3 Nxc3 9. bxc3 Nc6 10. O-O Be7 11. Qc2 h6 12. Qe2 a6 13. a4 Qc7 14. h4 Na5 15. Ba3 Nc4 16. Bxe7 Kxe7 17. Rab1 Bd7 18. Bxc4 dxc4 19. Nd2 b5 20. axb5 axb5 21.
Ne4 Bc6 22. Nd6 Rab8 23. f4 f5 24. Qb2 g5 25. Qb4 Kd8 26. d5 Bxd5 27. Nxb5 Qb6+ 28.
Kh2 gxf4 29. Rxf4 Rg8 30. g3 Qf2+ 31. Rxf2 1-0

[Event "*** Titled Tuesday Blitz"]
[Site "Chess.com"]
[Date "2020.05.26"]
[Round "2"]
[White "Msb2"]
[Black "antoszu"]
[Result "1-0"]
[WhiteElo "2871"]
[BlackElo "2507"]
[TimeControl "180+1"]
[EndTime "10:15:31 PDT"]
[Termination "Msb2 won by checkmate"]

1. d4 Nf6 2. c4 e6 3. Nc3 Bb4 4. e3 O-O 5. Bd2 d5 6. Nf3 b6 7. cxd5 exd5 8. Bd3 Bb7 9. O-O Nbd7 10. Rc1 Be7 11. Ne5 c5 12. f4 Re8 13. Qf3 a6 14. Kh1 Nf8 15. Be1 b5 16. Bh4 Qb6 17. Bxf6 Bxf6 18. Nxd5 Bxd5 19. Qxd5 cxd4 20. Qxf7+ Kh8 21.
Rc6 Qd8 22. Qh5 Bxe5 23. fxe5 h6 24. Rxh6+ gxh6 25. Qxh6+ Kg8 26. Rxf8+ Rxf8 27. Qh7# 1-0

[Event "*** Titled Tuesday Blitz"]
[Site "Chess.com"]
[Date "2020.05.26"]
[Round "2"]
[White "the_drake"]
[Black "druskacik"]
[Result "0-1"]
[WhiteElo "2221"]
[BlackElo "2571"]
[TimeControl "180+1"]
[EndTime "10:15:32 PDT"]
[Termination "druskacik won by resignation"]

1. e4 c5 2. Nf3 Nc6 3. d4 cxd4 4. Nxd4 g6 5. Nc3 Bg7 6. Nde2 d6 7. g3 Bg4 8. Bg2 Bxc3+ 9. bxc3 Nf6 10. O-O O-O 11. Bh6 Re8 12. Qd2 Bxe2 13. Qxe2 Qa5 14. h4 Rac8 15.
Bg5 Qxc3 16. Rab1 Nd4 17. Qe3 b6 18. Bxf6 exf6 19. Qh6 Qxc2 20. h5 Rc5 21. g4 Rg5 22. f3 Ne2+ 23. Kh2 Qc5 24. Rbe1 Qe5+ 25. Kh1 Ng3+ 26.
Kg1 Nxf1 27. Rxf1 Qf4 28. Kf2 Rxe4 29. Re1 Rxe1 0-1

[Event "*** Titled Tuesday Blitz"]
[Site "Chess.com"]
[Date "2020.05.26"]
[Round "2"]
[White "Benjoneliere44"]
[Black "Manukyan_Artak"]
[Result "1-0"]
[WhiteElo "2530"]
[BlackElo "2283"]
[TimeControl "180+1"]
[EndTime "10:15:32 PDT"]
[Termination "Benjoneliere44 won by resignation"]

1. d4 d6 2. c4 Nf6 3. Nc3 g6 4. e4 Bg7 5. Bd3 O-O 6. Nge2 c5 7.
d5 e5 8. h3 Na6 9. g4 Nc7 10.
Be3 a6 11. a4 Bd7 12. f3 Rb8 13.
Qd2 b5 14. axb5 axb5 15. b3 bxc4 16. bxc4 h5 17. Ng3 hxg4 18. hxg4 Ra8 19. Rc1 Bxg4 20. Bh6 Bh8 21. Bxf8 Qxf8 22. fxg4 Nxg4 23. Be2 Nf6 24.
Kf2 Bg7 25. Ra1 Qd8 26. Rxa8 Qxa8 27. Nb5 Nxb5 28. cxb5 Qa4 29. Qd3 Nd7 30. Qc3 Nb6 31. Ra1 Qd4+ 32. Qxd4 exd4 33. Ra6 Nd7 34. b6 1-0

[Event "*** Titled Tuesday Blitz"]
[Site "Chess.com"]
[Date "2020.05.26"]
[Round "2"]
[White "CHESSMASTER759"]
[Black "Ladislav1969"]
[Result "1-0"]
[WhiteElo "2646"]
[BlackElo "2316"]
[TimeControl "180+1"]
[EndTime "10:15:34 PDT"]
[Termination "CHESSMASTER759 won by resignation"]

1. e4 c5 2. Nf3 e6 3. d4 cxd4 4. Nxd4 a6 5. Nc3 b5 6. Bd3 Bb7 7. O-O Nc6 8. Nxc6 Bxc6 9. Qe2 Nf6 10. a3 d6 11. Bd2 Be7 12. Rae1 O-O 13. f4 e5 14. Rf3 exf4 15. Bxf4 Ng4 16. Nd5 Ne5 17. Rh3 Bxd5 18. exd5 Nxd3 19. Qxd3 g6 20. Bh6 Re8 21. Rhe3 Qd7 22. Qe2 Ra7 23. Bg5 f6 24. Bxf6 Kf7 25. Bxe7 Rxe7 26. Rxe7+ Qxe7 27. Qf2+ 1-0

[Event "*** Titled Tuesday Blitz"]
[Site "Chess.com"]
[Date "2020.05.26"]
[Round "2"]
[White "GMSrinath"]
[Black "Munkhzul_Turmunkh"]
[Result "1/2-1/2"]
[WhiteElo "2824"]
[BlackElo "2541"]
[TimeControl "180+1"]
[EndTime "10:15:35 PDT"]
[Termination "Game drawn by repetition"]

1. d4 Nf6 2. Nf3 e6 3. Bf4 d5 4. e3 c5 5. Nbd2 Nc6 6. c3 Bd6 7. Bg3 O-O 8. Bb5 Bxg3 9. hxg3 Qb6 10. Bxc6 bxc6 11. Qc2 Rb8 12. Rb1 cxd4 13. cxd4 Ba6 14. Ne5 Qb5 15. Nb3 Ne4 16. f3 f6 17. Nd7 Nxg3 18. Nxb8 Rxb8 19. Rg1 Ne2 20. Rh1 Ng3 21. Rg1 Ne2 22. Rh1 Ng3 23. Rg1 1/2-1/2

[Event "*** Titled Tuesday Blitz"]
[Site "Chess.com"]
[Date "2020.05.26"]
[Round "2"]
[White "nurmiTV"]
[Black "HrvojeZagreb"]
[Result "1-0"]
[WhiteElo "2514"]
[BlackElo "2173"]
[TimeControl "180+1"]
[EndTime "10:15:35 PDT"]
[Termination "nurmiTV won by resignation"]

1. c4 e6 2. Nc3 d5 3. e3 c5 4. Nf3 Nc6 5. cxd5 exd5 6. d4 cxd4 7.
Nxd4 Bb4 8. Be2 Nge7 9. O-O O-O 10. Nc2 Bd6 11. b3 Bf5 12. Bb2 Bxc2 13. Qxc2 d4 14. Nb5 dxe3 15. Rad1 exf2+ 16. Kh1 Nc8 17. Nxd6 Nxd6 18.
Qc3 f6 19. Bc4+ Kh8 20. Ba3 Ne4 21. Rxd8 Nxc3 22. Rxf8+ Rxf8 23. Bxf8 Ne4 24. Bd5 Nc3 25. Bxc6 bxc6 26. Rxf2 1-0

[Event "*** Titled Tuesday Blitz"]
[Site "Chess.com"]
[Date "2020.05.26"]
[Round "2"]
[White "chessplayer9919"]
[Black "miruna_daria28"]
[Result "1-0"]
[WhiteElo "2481"]
[BlackElo "2267"]
[TimeControl "180+1"]
[EndTime "10:15:35 PDT"]
[Termination "chessplayer9919 won by resignation"]

1. d4 Nf6 2. c4 e6 3. Nf3 b6 4.
g3 Bb7 5. Bg2 c5 6. d5 exd5 7.
Nh4 g6 8. cxd5 d6 9. Nc3 Bg7 10. e4 O-O 11. O-O Re8 12. Re1 Nbd7 13. Nf3 a6 14. a4 Rb8 15. Bf4 Qc7 16. Nd2 Ne5 17. Qe2 Bc8 18. h3 Nh5 19. Bxe5 Rxe5 20. Nc4 Re8 21. Kh2 f5 22. Qd3 Nf6 23. e5 dxe5 24. d6 Qd8 25. Nxe5 Be6 26. Nc6 Qd7 27.
Nxb8 Rxb8 28. Rad1 c4 29. Qe2 Re8 30. Nd5 Nxd5 31.
Bxd5 Kf7 32. Qxe6+ Rxe6 33. Bxe6+ Qxe6 34. Rxe6 Kxe6 35. d7 Bf6 36. d8=Q Bxd8 37. Rxd8 1-0

[Event "*** Titled Tuesday Blitz"]
[Site "Chess.com"]
[Date "2020.05.26"]
[Round "2"]
[White "Lucas_Tomiello"]
[Black "bsnsun"]
[Result "1-0"]
[WhiteElo "2288"]
[BlackElo "2467"]
[TimeControl "180+1"]
[EndTime "10:15:37 PDT"]
[Termination "Lucas_Tomiello won by resignation"]

1. e4 c5 2. Nf3 d6 3. d4 cxd4 4. Nxd4 Nf6 5. Nc3 a6 6. Bg5 Nbd7 7. Qe2 h6 8. Bh4 g6 9. f4 e5 10. fxe5 dxe5 11. O-O-O Qc7 12. Nb3 b5 13. Nd5 Nxd5 14. exd5 Bd6 15. Qd2 f5 16. Na5 Kf7 17. g4 f4 18. Bg2 Nc5 19. h3 Bd7 20. Rhe1 Rhe8 21. Nc6 Kg7 22. g5 h5 23. Bf2 Bf5 24. Bxc5 Bxc5 25.
d6 Qd7 26. Nxe5 Rxe5 27. Rxe5 Be3 28. Rxe3 fxe3 29. Qd4+ Kh7 30. Bxa8 e2 31. Re1 Qe6 32.
d7 Qxa2 33. d8=Q 1-0